 Dungeon Sprint DCSS version 0.30-a0-465-g8901f6c8b5 (webtiles) character file.

Game seed: 12116423477879695110

1147 holysushi the Covert (level 8, -3/60 HPs)
             Began as a Kobold Monk on Dec 18, 2022.
             Was a High Priest of Dithmenos.
             Slain by a merfolk
             ... wielding a +0 trident
              (23 damage)
             ... in the Dungeon (Sprint V: "Ziggurat Sprint").
             The game lasted 00:01:59 (172 turns).

holysushi the Covert (Kobold Monk)                   Turns: 172, Time: 00:02:00

Health: -3/60      AC:  2    Str:  8    XL:     8   Next: 64%
Magic:  8/8        EV: 32    Int: 11    God:    Dithmenos [*****.]
Gold:   0          SH:  0    Dex: 32    Spells: 7/7 levels left

rFire   . . .      SeeInvis .    C - +5 quick blade
rCold   . . .      Faith    .    (no shield)
rNeg    . . .      Spirit   .    b - +0 robe
rPois   .          Reflect  .    (no helmet)
rElec   .          Harm     .    (no cloak)
rCorr   .          Rampage  .    (no gloves)
Will    .....      NoTele   +    (no boots) Stlth **++++++++
                                 (no amulet)
HPRegen 0.30/turn                t - +6 ring of dexterity
MPRegen 0.11/turn                u - +6 ring of dexterity

@: wreathed by umbra, invisible
A: small, no large weapons, nightstalker 3
a: Renounce Religion, Shadow Step, Shadow Form


You were in the Dungeon.
You worshipped Dithmenos.
Dithmenos was extremely pleased with you.
You visited 1 branch

Inventory:

Hand Weapons
 C - a +5 quick blade (weapon)
Armour
 b - a +0 robe (worn)
 m - the +18 shield of the Gong {rElec rN+ Will+ EV-5}
   (You found it in the Dungeon)

   It is deafeningly noisy when blocking attacks.
   EV:        It affects your evasion (-5).
   rElec:     It insulates you from electricity.
   rN:        It protects you from negative energy.
   Will:      It increases your willpower.
Jewellery
 t - a +6 ring of dexterity (left hand)
 u - a +6 ring of dexterity (right hand)
Wands
 z - a wand of mindburst (7)
 A - a wand of iceblast (7)
 B - a wand of light (7)
Scrolls
 i - 4 scrolls of blinking
 o - 4 scrolls of amnesia
 p - 7 scrolls of fog
 q - 5 scrolls of identify
 r - 2 scrolls of fear
Potions
 c - a potion of ambrosia
 d - 10 potions of curing
 e - 10 potions of heal wounds
 f - 6 potions of haste
 g - 7 potions of magic
 h - 3 potions of berserk rage
 j - 2 potions of brilliance
 k - a potion of invisibility
 l - 4 potions of resistance
 n - 5 potions of might
Miscellaneous
 a - a lightning rod (4/4)


   Skills:
 + Level 11.0 Fighting
 - Level 8.0 Short Blades
 * Level 13.4 Dodging
 + Level 13.8 Stealth
 + Level 0.0 Invocations
 + Level 0.0 Evocations


You had 7 spell levels left.
You didn't know any spells.
Your spell library contained the following spells:

 Spells                   Type           Power      Damage    Failure   Level
 Cigotuvi's Dreadful Rot  Necr/Pois/Air  0%         N/A       47%         2
 Ignite Poison            Fire/Tmut/Pois 0%         N/A       71%         3
 Animate Armour           Summ/Erth      0%         N/A       98%         4
 Olgreb's Toxic Radiance  Pois           0%         N/A       98%         4
 Blade Hands              Tmut           0%         N/A       100%        5
 Iron Shot                Conj/Erth      0%         9d1       100%        6
 Fire Storm               Conj/Fire      0%         5d1       100%        9


Dungeon Overview and Level Annotations

Branches:
Dungeon (1/1) Zot: 27000

Altars:
Ashenzari
Cheibriados
Dithmenos
Elyvilon
Fedhas
Gozag
Hepliaklqana
Kikubaaqudgha
Makhleb
Nemelex Xobeh
Okawaru
Qazlal
Ru
Sif Muna
Trog
Uskayaw
Vehumet
Wu Jian
Xom
Yredelemnul
Zin
The Shining One
Jiyva
Lugonu

Annotations:
D 1 transporter


Innate Abilities, Weirdness & Mutations

You are small and have problems with some larger weapons.
You are completely attuned to the shadows.


Message History

You stick the merfolk like a pincushion!!!!
You kill the merfolk!
Dithmenos accepts your kill.
Your Stealth skill increases to level 13!
The helpless merfolk fails to defend itself.
You skewer the merfolk like a kebab!!!!
You kill the merfolk!
Dithmenos accepts your kill.
You can now transform into a swirling mass of shadows.
Your Fighting skill increases to level 11!
Your Dodging skill increases to level 13!
Okay, then.
You pick up the Folio of Foul Fire and begin reading...
You add the spells Cigotuvi's Dreadful Rot, Ignite Poison, Olgreb's Toxic Radiance and Fire Storm to your library.
Things that are here:
a +0 trident; a merfolk corpse
There is a transporter, spattered with blood here.
Welcome to arena 5.
You enter the transporter and appear at another place. 2 merfolk come into view.
Found a +0 long sword of holy wrath and a lightning rod (4/4). 3 merfolk come into view.
Found a book of Blood, a +2 glaive of distortion and a +0 mace of protection.
The merfolk shouts! x2
The merfolk moves out of view.
Found a transporter.
The merfolk closely misses you.
The merfolk hits you from afar with a +0 trident!
The merfolk completely misses you.
Okay, then.
You don't know any spells.
Okay, then.
Okay, then.
Okay, then.
You fade into invisibility!
The merfolk hits you from afar with a +0 trident!
The merfolk hits you from afar with a +0 trident!!
The merfolk completely misses you. The merfolk completely misses you.
The merfolk hits you with a +0 trident!!
You die...

▓.....▓.....▓.....▓
▓.....▓.....▓.....▓
▓.....▓.....▓..©..▓
▓..©..▓..©..▓▓▓▓▓▓▓
▓▓▓▓▓▓▓▓▓▓▓▓▓▓▓▓▓▓
▓..8©8...▓..8©8...
▓..)))...▓m.):m...
▓...)....▓..mmm...
▓........▓...@....
▓........▓........
▓........▓.▓....▓.
▓...©....▓...©....
▓▓▓▓▓▓▓▓▓▓▓▓▓▓▓▓▓▓


You could see 5 merfolk.

Vanquished Creatures
  4 merfolk (D)
  A black bear (D)
  A wolf (D)
  3 quasits (D)
  An iron imp (D)
  A shadow imp (D)
  An adder zombie (D)
  A bat skeleton (D)
13 creatures vanquished.

Notes
Turn   | Place    | Note
-------+----------+-------------------------------------------
     0 | D        | holysushi the Kobold Monk began the quest for the Orb.
     0 | D        | Reached XP level 1. HP: 14/14 MP: 1/1
     0 | D        | Found a radiant altar of Vehumet.
     6 | D        | Found a sacrificial altar of Ru.
     6 | D        | Found a stormy altar of Qazlal.
     6 | D        | Found a shimmering blue altar of Sif Muna.
     6 | D        | Found an iron altar of Okawaru.
     8 | D        | Found a bloodstained altar of Trog.
     9 | D        | Found a hide-covered altar of Uskayaw.
    15 | D        | Found a glowing golden altar of the Shining One.
    16 | D        | Found a snail-covered altar of Cheibriados.
    16 | D        | Found a broken altar of Ashenzari.
    16 | D        | Found a shadowy altar of Dithmenos.
    19 | D        | Found a white marble altar of Elyvilon.
    25 | D        | Found a blossoming altar of Fedhas.
    26 | D        | Found a viscous altar of Jiyva.
    26 | D        | Found a hazy altar of Hepliaklqana.
    26 | D        | Found a transporter.
    26 | D        | Found an opulent altar of Gozag.
    43 | D        | Became a worshipper of Dithmenos the Shadowed
    43 | D        | Reached * piety under Dithmenos
    43 | D        | Reached ** piety under Dithmenos
    45 | D        | Reached XP level 2. HP: 19/19 MP: 2/2
    49 | D        | Found an ancient bone altar of Kikubaaqudgha.
    50 | D        | Found the +6 Majin-Bo {vamp, MP+6 Int+6}
    50 | D        | Found the +27 heavy crossbow "Sniper" {vorpal, Acc+∞ SInv}
    50 | D        | Found the +10 dark maul {vorpal}
    50 | D        | Found the +15 Maxwell's patent armour {-Cast -Tele rElec
                  | Will+ rCorr}
    50 | D        | Found the +18 shield of the Gong {rElec rN+ Will+ EV-5}
    50 | D        | Found the +14 obsidian axe {vorpal, Mesm Drain Fly SInv}
    51 | D        | Found a corrupted altar of Lugonu.
    51 | D        | Found the +7 great mace "Firestarter" {inner flame, rF++}
    51 | D        | Found the +6 shillelagh "Devastator" {shatter}
    51 | D        | Found the +11 plutonium sword {Contam Stlth-}
    51 | D        | Found the +8 lance "Wyrmbane" {slay drac, rPois rF+ rC+
                  | AC+3}
    51 | D        | Found the +9 sword of Zonguldrok {reap}
    51 | D        | Found the +13 scythe of Curses {drain, Drain}
    51 | D        | Found the +5 sword of Power {vorpal}
    51 | D        | Found the +7 mace of Variability {chain chaos}
    51 | D        | Found the +7 Singing Sword {vorpal, sonic wave}
    51 | D        | Found the +8 storm bow {elec, penet}
    54 | D        | Found a sparkling altar of Nemelex Xobeh.
    56 | D        | Found a burning altar of Makhleb.
    66 | D        | Entered arena 2.
    66 | D        | Noticed a black bear
    66 | D        | Noticed a wolf
    67 | D        | Found a transporter.
    69 | D        | Killed a black bear
    70 | D        | Reached skill level 5 in Fighting
    70 | D        | Reached XP level 3. HP: 26/26 MP: 3/3
    70 | D        | Reached XP level 4. HP: 31/31 MP: 4/4
    70 | D        | Reached XP level 5. HP: 35/35 MP: 5/5
    80 | D        | Killed a wolf
    86 | D        | Entered arena 3.
    88 | D        | Found a transporter.
    93 | D        | Reached skill level 10 in Dodging
    93 | D        | Reached XP level 6. HP: 44/44 MP: 6/6
   104 | D        | Reached *** piety under Dithmenos
   123 | D        | Entered arena 4.
   125 | D        | Found a transporter.
   138 | D        | Reached **** piety under Dithmenos
   148 | D        | Reached skill level 10 in Stealth
   156 | D        | Entered arena 5.
   156 | D        | Noticed a merfolk
   157 | D        | Noticed a merfolk
   157 | D        | Noticed a merfolk
   157 | D        | Noticed a merfolk
   158 | D        | Found a transporter.
   160 | D        | Killed a merfolk
   161 | D        | Reached XP level 7. HP: 51/51 MP: 7/7
   162 | D        | Killed a merfolk
   163 | D        | Reached skill level 10 in Fighting
   163 | D        | Reached XP level 8. HP: 57/57 MP: 8/8
   163 | D        | Killed a merfolk
   164 | D        | Killed a merfolk
   164 | D        | Reached ***** piety under Dithmenos
   166 | D        | Got the Folio of Foul Fire
   168 | D        | Entered arena 6.
   168 | D        | Noticed a merfolk
   168 | D        | Noticed a merfolk
   169 | D        | Noticed a merfolk
   169 | D        | Noticed a merfolk
   169 | D        | Noticed a merfolk
   170 | D        | Found a transporter.
   172 | D        | Slain by a merfolk

Illustrated notes

Levels and vault maps discovered:
D:        sprint_v [room_start, room_1, room_2, room_3, room_4, room_5, room_6,
          room_7, room_8, room_9, room_10, room_11, room_12, room_13, room_14,
          room_15, room_16, room_17, room_18, room_19, room_20, room_21,
          room_22, room_23, room_24, room_25, room_26, room_27]

Skill      XL: |  1  2  3  4  5  6  7  8 |
---------------+-------------------------+-----
Short Blades   | 8 |  8.0
Dodging        | 7 8 10 11 12 13 | 13.4
Fighting       | 5 7 9 10 11 | 11.0
Stealth        | 6 8 11 12 13 | 13.8

Action                   |  1- 3 |  4- 6 |  7- 9 || total
-------------------------+-------+-------+-------++-------
Melee: Quick blade       |     1 |    56 |     3 ||    60
  Use: Potion            |     1 |       |     1 ||     2
 Stab: Sleeping          |     1 |     1 |     3 ||     5
Armor: Robe              |       |     4 |       ||     4
Dodge: Dodged            |       |    45 |     4 ||    49

Table legend: (Time is in decaauts)
 A = Elapsed time spent in this place.
 B = Non-inter-level travel time spent in this place.
 C = Inter-level travel time spent in this place.
 D = Time resting spent in this place.
 E = Time spent auto-exploring this place.
 F = Levels seen in this place.
 G = Mean time per level.
                   A        B        C        D        E       F      G
               +--------+--------+--------+--------+--------+-----+--------+
         Total |    128 |    128 |      0 |      0 |      8 |   1 |  128.0 |
       Dungeon |    128 |    128 |      0 |      0 |      8 |   1 |  128.0 |
               +--------+--------+--------+--------+--------+-----+--------+

Top non-repeatable levels by time:
       D: 128 daAuts
